 Dungeon Crawl Stone Soup version 0.18-a0-1800-gdc7a371 (console) character file.

37 vogonpoet the Chucker (level 3, -7/35 HPs)
             Began as an Ogre Arcane Marksman on Apr 24, 2016.
             Mangled by Sigmund
             ... wielding a +0 scythe
              (16 damage)
             ... on level 2 of the Dungeon.
             The game lasted 00:08:11 (1201 turns).

vogonpoet the Chucker (Ogre Arcane Marksman)        Turns: 1201, Time: 00:08:11

Health: -7/35      AC:  3    Str: 15 (16) XL:     3   Next: 39%
Magic:  4/4        EV:  9    Int: 12 (13) God:
Gold:   25         SH:  0    Dex:  6 (9)  Spells: 1 memorised, 3 levels left

rFire  . . .     SeeInvis .     e - +0 whip
rCold  . . .     Gourm    .     a - +0 robe
rNeg   . . .     Faith    .     (no shield)
rPois  .         Spirit   .     (helmet restricted)
rElec  .         Dismiss  .     (no cloak)
rCorr  .         Reflect  .     (gloves unavailable)
SustAt .         Harm     .     (boots unavailable)
MR     .....                    (no amulet)
Stlth  +.........               (no ring)
                                (no ring)

@: not resistant to hostile enchantments, very unstealthy
A: unfitting armour, tough skin 1, sturdy frame 1
a: no special abilities


You were on level 2 of the Dungeon.
You were very hungry.

You visited 1 branch of the dungeon, and saw 2 of its levels.

You collected 25 gold pieces.

Inventory:

Hand Weapons
 e - a +0 whip (weapon)
 m - a +2 dagger of flaming
 r - a +0 hunting sling
Armour
 a - a +0 robe (worn)
Jewellery
 p - an uncursed ring of ice
Scrolls
 i - a scroll of immolation {unknown}
 k - 2 scrolls of teleportation {unknown}
 l - 2 scrolls of identify {unknown}
 n - a scroll of random uselessness {unknown}
 o - a scroll of amnesia {unknown}
Potions
 j - a potion of degeneration
Books
 b - a book of Debilitation

   Spells                             Type                      Level
   a - Corona                         Hexes                        1
   b - Slow                           Hexes                        2
   c - Gell's Gravitas                Hexes/Translocation          3
   d - Inner Flame                    Hexes/Fire                   3
   e - Cause Fear                     Hexes                        4
   f - Leda's Liquefaction            Hexes/Earth                  4
Comestibles
 f - a bread ration
 q - a chunk of flesh


   Skills:
 + Level 1.7 Fighting
 * Level 2.4 Maces & Flails
 - Level 2.4 Throwing
 - Level 1.7 Dodging
 - Level 1.0 Unarmed Combat
 - Level 1.2 Spellcasting
 - Level 2.1 Hexes


You had 3 spell levels left.
You knew the following spells:

 Your Spells              Type           Power        Failure   Level  Hunger
a - Corona                Hex            #......      14%         1    ##.....


Dungeon Overview and Level Annotations

Branches:
Dungeon (2/15)

Altars:

Annotations:
D:2 Sigmund


Innate Abilities, Weirdness & Mutations

You are too large for most types of armour.
You have tough skin (AC +1).
Your movements are slightly less encumbered by armour (ER -2).


Message History

You barely miss Sigmund.
Sigmund is severely wounded.
Sigmund struggles against the net.
You hit Sigmund.
Sigmund is severely wounded.
Sigmund struggles against the net.
The helpless Sigmund fails to defend himself.
You hit Sigmund.
Sigmund is almost dead.
Sigmund struggles against the net.
You hit Sigmund but do no damage.
Sigmund is almost dead.
Sigmund struggles to escape the net.
Sigmund breaks free.
You barely miss Sigmund.
Sigmund is almost dead.
Sigmund gestures wildly while chanting.
Sigmund flickers and vanishes!
Deactivating autopickup; reactivate with Ctrl-A.
You barely miss something. Something hits you!
You die...

. #.#.#### ##.#......#
.#..#....#.#
.........#.#
##..#.##.#(############
....(.....).>.........#
#.##..#.#...........(#
#.......#........)...#
###..####(....{@.....#
.###..# #....(.(.....#
.....<# #..(.........#
..##### #...........(#
. #...........(# #
#..(.(....((.# #
#.############ #. #.


There were no monsters in sight!

Vanquished Creatures
  A worm (D:2)
  2 giant geckos
  2 ball pythons (D:1)
  4 giant cockroaches (D:1)
  3 goblins
  4 hobgoblins (D:1)
  6 kobolds
  5 bats (D:1)
  2 giant newts (D:1)
29 creatures vanquished.

Notes
Turn   | Place    | Note
--------------------------------------------------------------
     0 | D:1      | vogonpoet the Ogre Arcane Marksman began the quest for the Orb.
     0 | D:1      | Reached XP level 1. HP: 19/19 MP: 2/2
   146 | D:1      | Reached XP level 2. HP: 4/27 MP: 3/3
   417 | D:1      | Reached skill level 1 in Unarmed Combat
   589 | D:1      | Reached skill level 1 in Maces & Flails
   645 | D:1      | Reached XP level 3. HP: 31/33 MP: 4/4
   923 | D:2      | Noticed Sigmund
  1172 | D:2      | Gained mutation: You are robust (+10% HP). [potion of mutation]
  1172 | D:2      | Lost mutation: You are robust (+10% HP). [potion of mutation]
  1172 | D:2      | Gained mutation: Your movements are slightly less encumbered by armour (ER -2). [potion of mutation]
  1201 | D:2      | Mangled by Sigmund

Vault maps used:
D:1:      elethiomel_arrival_shortcut, st_stairs_6, amethyst_killhole,
          serial_bayou_ford_a, minmay_hedge_maze, hangedman_decor_growths
D:2:      uniq_sigmund

Skill      XL: |  1  2  3 |
---------------+----------+-----
Unarmed Combat | 1 |  1.0
Maces & Flails | 1 2 |  2.4
Fighting       | |  1.7
Throwing       | |  2.4
Dodging        | |  1.7
Spellcasting   | |  1.2
Hexes          | |  2.1

Action                   || total
-------------------------++-------
Melee: Whip              ||   121
Throw: Large rock        ||    10
       Throwing net      ||     3
       Stone             ||    16
 Cast: Corona            ||     4
  Use: Potion            ||     3
 Stab: Held in net/web   ||     1
Armor: Robe              ||    35
       Skin              ||    10
Dodge: Dodged            ||    78
